 Dungeon Crawl Stone Soup version 0.17.0-28-g6e173f8 (webtiles) character file.

492 M4edhros the Sneak (level 7, -14/43 HPs)
             Began as an Octopode Artificer on Nov 29, 2015.
             Demolished by a decayed bog body (21 damage)
             ... in an ossuary.
             The game lasted 00:06:18 (1954 turns).

M4edhros the Sneak (Octopode Artificer)             Turns: 1954, Time: 00:06:18

Health: -14/43     AC:  1    Str:  8 (11) XL:     7   Next: 14%
Magic:  0/11       EV: 12    Int: 16      God:
Gold:   74         SH:  0    Dex: 12      Spells: 0 memorised, 6 levels left

rFire  . . .     SeeInvis .     f - +0 short sword (elec)
rCold  . . .     Clarity  .     (no shield)
rNeg   . . .     SustAt   .     (helmet restricted)
rPois  .         Gourm    .     j - amulet of guardian spirit
rElec  .         Spirit   +     (no ring)
rCorr  .         Warding  .     (no ring)
rMut   .         Stasis   .     (no ring)
MR     .....                    (no ring)
Stlth  +++++.....               (no ring)
                                (no ring)
                                (no ring)
                                (no ring)

@: lethally poisoned (-14 -> -22), not resistant to hostile enchantments, quite
stealthy
A: almost no armour, amphibious, 8 rings, constrict 8, camouflage 1, gelatinous
body 1
a: no special abilities


You were in an ossuary.
You were very hungry.

You visited 1 branch of the dungeon, and saw 5 of its levels.
You also visited: Ossuary.

You collected 74 gold pieces.

Inventory:

Hand Weapons
 a - a +0 short sword
 f - a +0 short sword of electrocution (weapon)
Jewellery
 j - an amulet of guardian spirit (around mantle)
Wands
 b - a wand of flame (4)
 c - a wand of enslavement (5)
 d - a wand of random effects (6)
 i - a wand of lightning (5)
Scrolls
 g - a scroll of identify {unknown}
 k - a scroll of enchant armour {unknown}
Comestibles
 e - 2 bread rations


   Skills:
 - Level 1.0 Fighting
 + Level 3.5 Short Blades
 - Level 2.0 Dodging
 + Level 6.5 Stealth
 + Level 5.8 Evocations


You had 6 spell levels left.
You didn't know any spells.

Dungeon Overview and Level Annotations

Branches:
Dungeon (5/15)
 Temple: D:4-7

Altars:
Ashenzari
Makhleb
Nemelex Xobeh
Qazlal

Shops:
D:4 }

Annotations:
D:4 kosy22's ghost, amateur TrWr


Innate Abilities, Weirdness & Mutations

You cannot wear most types of armour.
You are amphibious.
You can wear up to eight rings at the same time.
You can use your tentacles to constrict eight enemies at once.
Your skin changes colour to match your surroundings (Stealth).
Your rubbery body absorbs attacks (AC +1).


Message History

This wand has 6 charges left.
* * * LOW HITPOINT WARNING * * *
You feel sick. The decayed bog body misses you.
The decayed bog body closely misses you.
Evoke which item? (* to show all) (? for menu, Esc to quit)
Zapping:
c - a wand of enslavement (6)
Press: ? - help, Shift-Dir - straight line, f/p - decayed bog body
Aim: a decayed bog body (chance to defeat MR: 40%)
The decayed bog body resists with some effort.
This wand has 5 charges left.
* * * LOW HITPOINT WARNING * * *
You feel sick.
* * * LOW HITPOINT WARNING * * *
You feel sick.
The decayed bog body closely misses you.
The decayed bog body completely misses you.
There is an empty arch of ancient stone here.
* * * LOW HITPOINT WARNING * * *
You feel sick. The decayed bog body hits you!!
You die...

##### #..∩#
#.Z@# #.n.#
#≈##≈##+##+##
+≈.≈≈≈nZ...≈≈
#≈#+#+#.≈≈≈.#
# #.≈P# ##≈


You could see a decayed bog body and a wyvern zombie.

Vanquished Creatures
  An ogre (D:4)
  A bog body (Ossuary)
  3 giant frog zombies (Ossuary)
  A hound (D:4)
  An orc wizard (D:4)
  A worker ant zombie (Ossuary)
  4 adders
  5 gnolls
  An ooze (D:1)
  3 orcs (D:4)
  A giant cockroach (D:4)
  6 goblins
  6 hobgoblins
  2 bats (D:1)
  A giant gecko zombie (Ossuary)
  4 giant newts
  4 jackals
  A kobold (D:3)
  A quokka skeleton (D:4)
  3 rats
50 creatures vanquished.

Vanquished Creatures (collateral kills)
  A scorpion (D:4)
  A worker ant (D:4)
  A mummy (D:4)
3 creatures vanquished.

Vanquished Creatures (others)
  An orc priest (D:4)
  3 plants (Ossuary)
4 creatures vanquished.

Grand Total: 57 creatures vanquished

Notes
Turn   | Place    | Note
--------------------------------------------------------------
     0 | D:1      | M4edhros the Octopode Artificer began the quest for the Orb.
     0 | D:1      | Reached XP level 1. HP: 13/13 MP: 3/3
   126 | D:1      | Reached XP level 2. HP: 16/18 MP: 4/4
   542 | D:2      | Reached skill level 4 in Evocations
   542 | D:2      | Reached XP level 3. HP: 19/23 MP: 4/6
  1098 | D:3      | Found a stormy altar of Qazlal.
  1159 | D:3      | Found a sparkling altar of Nemelex Xobeh.
  1159 | D:3      | Found a burning altar of Makhleb.
  1212 | D:4      | Reached XP level 4. HP: 28/28 MP: 7/7
  1291 | D:4      | Found a shattered altar of Ashenzari.
  1341 | D:5      | Entered Level 5 of the Dungeon
  1492 | D:4      | Reached XP level 5. HP: 15/33 MP: 4/8
  1565 | D:4      | Found Mowkoaca's Gadget Shoppe.
  1706 | D:4      | Noticed an ogre
  1728 | D:4      | Noticed a scorpion
  1729 | D:4      | Reached skill level 5 in Stealth
  1732 | D:4      | Killed a scorpion
  1732 | D:4      | Reached skill level 5 in Evocations
  1732 | D:4      | Reached XP level 6. HP: 18/38 MP: 9/9
  1733 | D:4      | Found a sand-covered staircase.
  1739 | D:4      | HP: 1/38 [ogre/giant club (5)]
  1763 | D:4      | Killed an ogre
  1780 | D:4      | Noticed kosy22's ghost (amateur TrWr)
  1792 | Ossuary  | Entered an ossuary
  1896 | Ossuary  | Reached skill level 6 in Stealth
  1922 | Ossuary  | Reached XP level 7. HP: 33/43 MP: 6/11
  1954 | Ossuary  | Demolished by a decayed bog body

Action                   |  1- 3 |  4- 6 |  7- 9 || total
-------------------------+-------+-------+-------++-------
Melee: Short sword       |    46 |    43 |    13 ||   102
Evoke: Wand              |     9 |    18 |     3 ||    30
  Use: Potion            |     1 |     1 |     3 ||     5
 Stab: Sleeping          |     9 |     3 |       ||    12
       Distracted        |       |     1 |       ||     1
  Eat: Chunk             |       |     2 |       ||     2
